 Dungeon Crawl Stone Soup version 0.20.1-1-g8b1a95d (webtiles) character file.

4176 galech the Grappler (level 10, -5/94 HPs)
             Began as a Troll Monk on July 19, 2017.
             Was a High Priest of Okawaru.
             Shot with a sling bullet by Joseph (11 damage)
             ... on level 7 of the Dungeon.
             The game lasted 00:10:22 (4931 turns).

galech the Grappler (Troll Monk)                    Turns: 4931, Time: 00:10:24

Health: -5/94      AC:  5    Str: 24    XL:     10   Next: 8%
Magic:  7/9        EV: 15    Int:  6    God:    Okawaru [*****.]
Gold:   373        SH:  3    Dex: 12    Spells: 9/9 levels left

rFire    . . .     SeeInvis .     - Unarmed
rCold    . . .     Gourm    +   (no shield)
rNeg     . . .     Faith    .   a - +0 robe
rPois    .         Spirit   .   (helmet restricted)
rElec    .         Reflect  +   (no cloak)
rCorr    .         Harm     .   (gloves unavailable)
MR       +....                  (boots unavailable)
Stlth    ++++......             t - +3 amulet of reflection
Regen    0.7/turn               q - ring of flight
MPRegen  0.2/turn               y - ring of protection from magic

@: heroism
A: unfitting armour, claws 3, fast metabolism 3, gourmand, regeneration 1,
shaggy fur 1, tough skin 2
a: Heroism, Finesse, Renounce Religion, Evoke Flight


You were on level 7 of the Dungeon.
You worshipped Okawaru.
Okawaru was extremely pleased with you.
You were completely stuffed.

You visited 2 branches of the dungeon, and saw 8 of its levels.
You also visited: Sewer.

You collected 373 gold pieces.

Inventory:

Armour
 a - a +0 robe (worn)
Jewellery
 p - an uncursed amulet of regeneration
 q - a ring of flight (left claw)
 t - a +3 amulet of reflection (around neck)
 y - a ring of protection from magic (right claw)
Wands
 n - a wand of disintegration (24/24)
Scrolls
 e - 3 scrolls of remove curse
 l - a scroll of fog {unknown}
 s - 2 scrolls of identify
 u - 2 scrolls of acquirement {unknown}
 v - a scroll of teleportation {unknown}
 w - a scroll of blinking
Potions
 c - 2 potions of curing
 f - a potion of berserk rage {unknown}
 g - a potion of cancellation {unknown}
 h - a potion of brilliance {unknown}
 i - 4 potions of mutation {unknown}
 j - 2 potions of heal wounds {unknown}
 m - 2 potions of agility {unknown}
 o - a potion of magic {unknown}
Comestibles
 b - 7 bread rations
 d - 2 royal jellies
 k - 2 meat rations
 r - 5 fruits


   Skills:
 + Level 4.4(9.4) Fighting
 + Level 5.6(10.6) Dodging
 + Level 3.0(8.0) Stealth
 + Level 11.7(16.7) Unarmed Combat
 + Level 0.5 Invocations


You had 9 spell levels left.
You didn't know any spells.

Dungeon Overview and Level Annotations

Branches:
Dungeon (7/15)             Temple (1/1) D:4

Altars:
Cheibriados
Dithmenos
Elyvilon
Fedhas
Gozag
Hepliaklqana
Kikubaaqudgha
Makhleb
Nemelex Xobeh
Okawaru
Qazlal
Sif Muna
Trog
Uskayaw
Vehumet
Xom
Yredelemnul
The Shining One

Shops:
D:5 *%}   D:6 *

Annotations:
D:7 Joseph


Innate Abilities, Weirdness & Mutations

You are too large for most types of armour.
You have claws for hands.
Your metabolism is lightning-fast.
You like to eat raw meat.
Your natural rate of healing is unusually fast.
You are covered in fur. (AC +1)
You have very tough skin. (AC +2)


Message History

There is a stone staircase leading down here.
The orc priest calls upon Beogh to heal the orc warrior.
The orc warrior's wounds heal themselves!
The orc warrior hits you with a battleaxe!
You climb downwards.
Joseph, a Mercenary comes into view.
He is wielding a quarterstaff.
There is a stone staircase leading up here.
Okay, then.
You gain the combat prowess of a mighty hero.
You claw the orc warrior!
The orc warrior is heavily wounded.
The orc warrior hits you with a battleaxe!!
* * * LOW HITPOINT WARNING * * *
You claw the orc warrior! You claw the orc warrior.
You kill the orc warrior!
Okawaru accepts your kill.
Joseph unwields an uncursed quarterstaff.
Joseph wields a hunting sling.
Joseph shoots a sling bullet.
The sling bullet hits you!
You die...

###
..#
#@#
##.#
..#
#.#
#@#
#)#
#.#
#.#
#.#
#.#
#.#
#.#


You could see Joseph.

Vanquished Creatures
  The ghost of bgiannan the Fighter, a novice GrFi (D:6)
  A hippogriff (D:5)
  Grinder (D:5)
  Sigmund (D:2)
  A human (D:5)
  6 yaks (D:6)
  2 orc warriors
  A phantom (D:4)
  5 centaurs
  An ogre (D:5)
  3 bullfrogs
  A wyvern zombie (D:6)
  2 scorpions (D:5)
  5 wights (D:6)
  3 crimson imps (D:5)
  A hound (D:4)
  A gnoll shaman (D:5)
  A jelly (D:6)
  6 orc priests
  5 worker ants
  3 orc wizards
  A worker ant zombie (D:5)
  14 adders
  3 gnolls (D:5)
  A shadow imp (D:6)
  13 oozes
  An adder zombie (D:5)
  An adder skeleton (D:4)
  3 worms
  A dart slug (D:1)
  24 leopard geckos
  20 orcs
  9 giant cockroaches
  7 hobgoblins
  3 jackals (D:2)
  3 quokkas
  11 ball pythons
  6 bats
  12 frilled lizards
  2 goblins
  A jackal zombie (D:5)
  11 kobolds
  7 rats
205 creatures vanquished.

Notes
Turn   | Place    | Note
-------+----------+-------------------------------------------
     0 | D:1      | galech the Troll Monk began the quest for the Orb.
     0 | D:1      | Reached XP level 1. HP: 22/22 MP: 0/0
   192 | D:1      | Reached XP level 2. HP: 29/29 MP: 1/1
   674 | D:2      | Reached XP level 3. HP: 14/36 MP: 2/2
   815 | D:2      | Noticed Sigmund
   826 | D:2      | Killed Sigmund
   826 | D:2      | Reached skill level 4 in Unarmed Combat
   826 | D:2      | Reached XP level 4. HP: 37/45 MP: 3/3
   826 | D:2      | Reached XP level 5. HP: 43/53 MP: 4/4
  1201 | D:3      | Reached skill level 5 in Unarmed Combat
  1293 | D:3      | Reached XP level 6. HP: 61/61 MP: 5/5
  2005 | D:4      | Found a staircase to the Ecumenical Temple.
  2078 | Temple   | Entered the Ecumenical Temple
  2176 | Temple   | Became a worshipper of Warmaster Okawaru
  2176 | Temple   | Reached * piety under Okawaru
  2176 | Temple   | Reached ** piety under Okawaru
  2601 | D:5      | Entered Level 5 of the Dungeon
  2606 | D:5      | Reached skill level 6 in Unarmed Combat
  2606 | D:5      | Reached XP level 7. HP: 53/67 MP: 6/6
  2646 | D:5      | Noticed a hippogriff
  2660 | D:5      | Killed a hippogriff
  2660 | D:5      | Reached *** piety under Okawaru
  2660 | D:5      | Reached skill level 7 in Unarmed Combat
  2738 | D:5      | Reached XP level 8. HP: 75/75 MP: 7/7
  2764 | D:5      | Found a glowing drain.
  2780 | Sewer    | Entered a sewer
  3075 | Sewer    | Reached skill level 8 in Unarmed Combat
  3165 | D:5      | Noticed Grinder
  3228 | D:5      | Paralysed by Grinder for 7 turns
  3304 | D:5      | Killed Grinder
  3335 | D:5      | Found Viaguik's Food Shop.
  3402 | D:5      | Reached skill level 9 in Unarmed Combat
  3417 | D:5      | Found Cysoesm's Gadget Boutique.
  3528 | D:5      | Found Enli's Assorted Antiques.
  3555 | D:5      | Reached **** piety under Okawaru
  3555 | D:5      | Reached skill level 5 in Dodging
  3569 | D:5      | Found a runed door.
  3573 | D:5      | Found a basalt altar of Yredelemnul.
  3600 | D:5      | Reached XP level 9. HP: 84/84 MP: 5/8
  4081 | D:6      | Noticed bgiannan's ghost (novice GrFi)
  4087 | D:6      | Killed bgiannan's ghost
  4087 | D:6      | Reached skill level 10 in Unarmed Combat
  4535 | D:6      | Found Goevisea's Assorted Antiques.
  4541 | D:6      | Reached skill level 11 in Unarmed Combat
  4550 | D:6      | Reached ***** piety under Okawaru
  4559 | D:6      | Reached XP level 10. HP: 56/94 MP: 9/9
  4928 | D:7      | Noticed Joseph
  4931 | D:7      | Shot with a sling bullet by Joseph

Skill      XL: |  1  2  3  4  5  6  7  8  9 |
---------------+----------------------------+-----
Fighting       | 3 4 |  4.4
Dodging        | 3 4 5 |  5.6
Unarmed Combat | 4 5 6 7 9 11 | 11.7
Stealth        | 2 3 |  3.0
Invocations    | |  0.5

Action                   |  1- 3 |  4- 6 |  7- 9 | 10-12 || total
-------------------------+-------+-------+-------+-------++-------
Melee: Unarmed           |    75 |   100 |   334 |    20 ||   529
       Punch             |     1 |     2 |    20 |     3 ||    26
Invok: Heroism           |       |       |     2 |     1 ||     3
  Use: Scroll            |       |       |     5 |       ||     5
 Stab: Sleeping          |     2 |     2 |     4 |       ||     8
       Distracted        |       |       |     2 |       ||     2
  Eat: Chunk             |    11 |    14 |    23 |     3 ||    51
Armor: Robe              |    27 |    28 |    76 |       ||   131
Dodge: Dodged            |    36 |    38 |   167 |     7 ||   248
Block: Other             |       |       |       |     1 ||     1
